 Dungeon Crawl Stone Soup version 0.24.0-123-gd5b16e6ec5 (webtiles) character file.

Game seed: 10652705611324066745, levelgen mode: deterministic

119 FluffierThanThou the Skirmisher (level 5, 0/58 HPs)
             Began as an Ogre Fighter on Jan 17, 2020.
             Slain by a worm (7 damage)
             ... on level 2 of the Dungeon.
             The game lasted 00:02:38 (1141 turns).

FluffierThanThou the Skirmisher (Ogre Fighter)      Turns: 1141, Time: 00:02:38

Health: 0/58       AC:  3    Str: 21    XL:     5   Next: 3%
Magic:  5/5        EV:  8    Int:  9    God:
Gold:   70         SH:  8    Dex:  8    Spells: 4/4 levels left

rFire    . . .     SeeInvis .   a - +0 war axe
rCold    . . .     Gourm    .   c - +0 shield
rNeg     . . .     Faith    .   b - +0 robe
rPois    .         Spirit   .   (helmet restricted)
rElec    .         Reflect  .   (no cloak)
rCorr    .         Harm     .   (gloves unavailable)
MR       .....                  (boots unavailable)
Stlth    +.........             (no amulet)
HPRegen  0.19/turn              (no ring)
MPRegen  0.09/turn              (no ring)

@: no status effects
A: large, unfitting armour, tough skin 1
a: no special abilities


You were on level 2 of the Dungeon.
You were not hungry.

You visited 1 branch of the dungeon, and saw 2 of its levels.

You collected 70 gold pieces.

Inventory:

Hand Weapons
 a - a +0 war axe (weapon)
Armour
 b - a +0 robe (worn)
 c - a +0 shield (worn)
Scrolls
 h - a scroll of amnesia {unknown}
 i - a scroll of remove curse {unknown}
 k - a scroll of magic mapping {unknown}
Potions
 d - a potion of might
 f - a potion of lignification {unknown}
 j - a potion of brilliance {unknown}
 l - a potion of magic {unknown}
Comestibles
 e - 4 rations {!d}
 g - 4 chunks of flesh


   Skills:
 * Level 5.6 Fighting
 + Level 2.8 Axes
 + Level 3.2 Dodging
 + Level 3.2 Shields


You had 4 spell levels left.
You didn't know any spells.
Your spell library was empty.

Dungeon Overview and Level Annotations

Branches:
Dungeon (2/15)

Altars:
Wu Jian


Innate Abilities, Weirdness & Mutations

You are too large for most types of armour.
You have tough skin. (AC +1)


Message History

There is an open door here.
You slash the dart slug!
You kill the dart slug!
No target in view!
No target in view!
No target in view!
No target in view!
No target in view!
No target in view!
No target in view!
No target in view!
No target in view!
No target in view!
No target in view!
You butcher the dart slug corpse.
g - 5 chunks of flesh (gained 1)
l - a metallic orange potion Some of the chunks of flesh in your inventory have rotted away.
A bullfrog comes into view.
The bullfrog gives a loud, deep croak!
A rat comes into view.
The bullfrog moves out of view.
The bullfrog closely misses you. You block the bullfrog's attack.
You closely miss the bullfrog. The bullfrog closely misses you.
The bullfrog barely misses you.
Your shield prevents you from hitting the bullfrog.
You hit the rat.
You kill the rat!
You have reached level 4!
The bullfrog hits you. You block the bullfrog's attack.
You hit the bullfrog. You block the bullfrog's attack. x2
You slash the bullfrog! The bullfrog hits you! The bullfrog hits you.
You slash the bullfrog! The bullfrog hits you. x2
* * * LOW HITPOINT WARNING * * *
The bullfrog hits you.
* * * LOW HITPOINT WARNING * * *
You are too injured to fight recklessly!
You closely miss the bullfrog. The bullfrog hits you!
* * * LOW HITPOINT WARNING * * *
The bullfrog barely misses you.
You hit the bullfrog.
You kill the bullfrog!
You have reached level 5!
You barely miss the worm. The worm bites you.
* * * LOW HITPOINT WARNING * * *
You hit the worm. The worm bites you but does no damage.
You barely miss the worm. The worm bites you.
* * * LOW HITPOINT WARNING * * *
You hit the worm but do no damage. The worm bites you!
You die...

(###...# #.#.#.## ######
##)##.# ##.##.......
####.# #.... ......
##'## #... .... ##...##
##..# ...
##.....###...###.## .
##.......##...##...#....
#.........#.....@_......
+.........'....#.w.##..#
#.........#....##.##
##.......##.......###
##>....####..........
##...## #..........
##+## ######.#### .# #


You could see a worm.

Vanquished Creatures
  A bullfrog (D:2)
  2 adders (D:2)
  An ooze (D:2)
  3 dart slugs
  A leopard gecko (D:1)
  A ball python (D:1)
  4 giant cockroaches
  A goblin (D:1)
  5 hobgoblins
  2 jackals (D:1)
  A kobold (D:2)
  A bat (D:1)
  2 frilled lizards
  2 rats (D:2)
27 creatures vanquished.

Notes
Turn   | Place    | Note
-------+----------+-------------------------------------------
     0 | D:1      | FluffierThanThou the Ogre Fighter began the quest for the
                  | Orb.
     0 | D:1      | Reached XP level 1. HP: 24/24 MP: 1/1
   267 | D:1      | Reached XP level 2. HP: 32/32 MP: 2/2
   758 | D:1      | Reached XP level 3. HP: 25/40 MP: 3/3
   936 | D:2      | Reached skill level 5 in Fighting
  1120 | D:2      | Found an ornate altar of the Wu Jian Council.
  1129 | D:2      | Noticed a bullfrog
  1133 | D:2      | Reached XP level 4. HP: 49/50 MP: 4/4
  1138 | D:2      | Killed a bullfrog
  1138 | D:2      | Reached XP level 5. HP: 13/58 MP: 5/5
  1141 | D:2      | Slain by a worm

Levels and vault maps discovered:
D:1:      dpeg_arrival_shelter, layout_loops_corners, minmay_misc_feat_enclosed
D:2:      layout_loops_corners, lemuel_round_altar,
          nicolae_overflow_crystal_walls

Skill      XL: |  1  2  3 |
---------------+----------+-----
Dodging        | 3 |  3.2
Shields        | 3 |  3.2
Fighting       | 5 |  5.6
Axes           | |  2.8

Action                   |  1- 3 |  4- 6 || total
-------------------------+-------+-------++-------
Melee: War axe           |   103 |     8 ||   111
  Eat: Chunk             |     1 |       ||     1
Armor: Robe              |    31 |     1 ||    32
Dodge: Dodged            |    54 |     1 ||    55
Block: Shield            |    50 |     3 ||    53
